 Dungeon Crawl Stone Soup version 0.29-a0-268-g5627465c62 (webtiles) character file.

Game seed: 17606350470532039248

9148 Murumi the Blocker (level 11, 0/83 (89) HPs)
             Began as a Formicid Fighter on Mar 7, 2022.
             Was a Priest of Okawaru.
             Killed from afar by a molten gargoyle (27 damage)
             ... with a bolt of magma
             ... on level 10 of the Dungeon.
             The game lasted 00:38:30 (13351 turns).

Murumi the Blocker (Formicid Fighter)              Turns: 13351, Time: 00:38:31

HP:   0/83 (89)     AC: 16    Str: 24    XL:     11   Next: 69%
MP:   15/15         EV:  8    Int:  9    God:    Okawaru [***...]
Gold: 476           SH:  7    Dex: 19    Spells: 10/10 levels left

rFire   + . .      SeeInvis +   d - +6 whip "Bayh Nym" {vorpal, rElec Dex+9}
rCold   + . .      Faith    .   c - +0 buckler
rNeg    + . .      Spirit   .   E - +0 plate armour
rPois   +          Reflect  .   (helmet unavailable)
rElec   +          Harm     +   u - scarf {harm}
rCorr   +          Rampage  .   m - +1 pair of gloves
Will    ++...                   (no boots)
Stlth   ..........              (no amulet)
HPRegen 0.23/turn               f - ring of willpower
MPRegen 0.14/turn               z - ring of positive energy

@: resistant, drained
A: permanent stasis, dig shafts and tunnels, antennae 3, four strong arms
a: Dig, Shaft Self, Renounce Religion, Heroism


You were on level 10 of the Dungeon.
You worshipped Okawaru.
Okawaru was most pleased with you.
You visited 1 branch of the dungeon, and saw 10 of its levels.

You collected 598 gold pieces.
You spent 122 gold pieces at shops.

Inventory:

Hand Weapons
 d - the +6 whip "Bayh Nym" (weapon) {vorpal, rElec Dex+9}
   (You found it on level 5 of the Dungeon)

   It inflicts extra damage upon your enemies.
   Dex:       It affects your dexterity (+9).
   rElec:     It insulates you from electricity.
 i - a +3 whip of electrocution
 x - a +0 dire flail
Armour
 c - a +0 buckler (worn)
 m - a +1 pair of gloves (worn)
 u - a scarf of harm (worn)
 y - a scarf of repulsion
 E - a +0 plate armour (worn)
Jewellery
 f - a ring of willpower (left hand)
 z - a ring of positive energy (right hand)
Wands
 a - a wand of mindburst (9)
 o - a wand of flame (71)
 r - a wand of charming (19)
 B - a wand of paralysis (8)
 C - a wand of digging (3)
Scrolls
 b - 2 scrolls of amnesia
 e - a scroll of fear
 l - 4 scrolls of identify
 p - a scroll of silence
 s - a scroll of fog
 w - 2 scrolls of enchant weapon
 A - 4 scrolls of magic mapping
Potions
 h - a potion of lignification
 j - 4 potions of curing
 q - 4 potions of flight
 t - a potion of attraction
 v - a potion of mutation
 D - 2 potions of brilliance


   Skills:
 - Level 9.0 Fighting
 - Level 8.0 Maces & Flails
 - Level 9.0 Armour
 - Level 3.0 Dodging
 - Level 6.0 Stealth
 - Level 10.0 Shields
 - Level 6.0 Invocations
 + Level 4.1 Evocations


You had 10 spell levels left.
You didn't know any spells.
Your spell library contained the following spells:

 Spells                   Type           Power      Damage    Failure   Level
 Beastly Appendage        Tmut           0%         N/A       99%         1
 Scorch                   Fire           0%         2d5       100%        2
 Wereblood                Tmut           0%         N/A       100%        2
 Spider Form              Tmut/Pois      0%         N/A       100%        3
 Flame Wave               Conj/Fire      0%         2d4       100%        4
 Summon Cactus Giant      Summ           Unusable   N/A       N/A         6

Dungeon Overview and Level Annotations

Branches:
Dungeon (10/15)            Temple (0/1) D:7            Lair (0/6) D:8
    Orc: D:9-12

Altars:
Cheibriados
Dithmenos
Gozag
Hepliaklqana
Kikubaaqudgha
Nemelex Xobeh
Okawaru
Ru
Sif Muna
Yredelemnul

Shops:
D:2 (!:(:   D:5 [   D:7 ?   D:8 *?   D:9 !


Innate Abilities, Weirdness & Mutations

You cannot be hasted, slowed, berserked, paralysed or teleported.
You can dig through walls and to a lower floor.
You have a pair of large antennae on your head. (SInv)
Your four strong arms can wield two-handed weapons with a shield.


Message History

An orc comes into view. It is wielding a +0 club.
You see here a +0 mace.
You closely miss the lava snake.
The orc shouts!
You hear a shout! x2
A molten gargoyle comes into view. It is wielding a +0 mace.
An orc warrior comes into view. It is wielding a +0 battleaxe.
The lava snake completely misses you.
You hear two shouts!
You barely miss the lava snake.
The orc warrior shouts!
The lava snake spits lava at you. The glob of lava hits you.
You partially resist.
* * * LOW HITPOINT WARNING * * *
You whack the lava snake!
The lava snake is severely wounded.
You hit the lava snake.
You kill the lava snake!
Okawaru accepts your kill.
An orc priest comes into view. It is wielding a +0 dagger.
An orc comes into view. It is wielding a +0 hand axe.
You see here a +0 mace.
You extend your mandibles.
You dig through the rock wall.
You feel drained.
You dig through the rock wall.
You feel drained.
You start resting.
You sense a monster nearby.
You start resting.
You feel like a meek peon again.
You retract your mandibles.
You hit the molten gargoyle but do no damage.
Unknown command.
You closely miss the molten gargoyle.
The molten gargoyle hits you with a +0 mace.
* * * LOW HITPOINT WARNING * * *
You are engulfed in flames.
You resist.
* * * LOW HITPOINT WARNING * * *
You feel much better.
The molten gargoyle blasts magma at you!
The bolt of magma hits you!! You partially resist.
You die...

#####≈≈.≈.####.#..#..#[#..
##≈≈≈≈≈≈#...##.##....##.
##≈≈≈≈≈≈.#...#..#..⌠..#..
#≈≈≈≈≈≈.≈#..##.##....##.#
≈≈≈≈≈≈.≈.#......###..#..#
#####....'..###...####.##
##.{.##..####...#..#.
#{##9#### ###...##. #.#@##
###.... #{### ##### #.# #
#)### #.#.# #.#)# {
#.§.§...{.# #.#§§≈≈≈≈≈..#
{ ##.≈≈§≈≈≈≈.#.


You could see a molten gargoyle.

Vanquished Creatures
  A two-headed ogre (D:9)
  The ghost of Mictavius the Fighter, a novice BaWr of Ashenzari (D:9)
  2 molten gargoyles (D:10)
  2 trolls
  2 hornets
  A vampire (D:10)
  A wraith (D:10)
  3 steam dragons
  9 yaks
  4 water moccasins
  An ice beast (D:7)
  An orc warrior (D:9)
  A sky beast (D:8)
  A black bear (D:5)
  2 centaurs (D:6)
  4 phantoms
  3 kobold brigands
  Blork the orc (D:5)
  5 bullfrogs
  4 necrophages
  3 scorpions
  18 wights
  11 killer bees
  A howler monkey (D:6)
  A lava snake (D:10)
  A hound (D:6)
  A jelly (D:4)
  4 orc priests
  A gnoll shaman (D:7)
  2 iguanas
  4 orc wizards
  Robin (D:2)
  19 gnolls
  10 river rats (D:4)
  8 adders
  An ufetubus (D:5)
  5 worms
  2 dart slugs
  28 orcs
  7 bats
  5 endoplasms
  2 giant cockroaches
  19 goblins
  10 hobgoblins
  6 jackals
  A quokka (D:2)
  3 ball pythons
  3 frilled lizards
  17 kobolds
  18 rats
261 creatures vanquished.

Vanquished Creatures (others)
  2 withered plants (D:9)
2 creatures vanquished.

Grand Total: 263 creatures vanquished

Notes
Turn   | Place    | Note
-------+----------+-------------------------------------------
     0 | D:1      | Murumi the Formicid Fighter began the quest for the Orb.
     0 | D:1      | Reached XP level 1. HP: 18/18 MP: 1/1
    70 | D:1      | Reached skill level 4 in Shields
   108 | D:1      | Reached XP level 2. HP: 24/24 MP: 2/2
   919 | D:1      | Reached XP level 3. HP: 28/30 MP: 3/3
  1233 | D:2      | Noticed Robin
  1237 | D:2      | Found Lys Atamn's Weapon Shoppe.
  1253 | D:2      | Killed Robin
  1254 | D:2      | Reached skill level 1 in Stealth
  1254 | D:2      | Reached XP level 4. HP: 18/32 MP: 4/4
  1399 | D:2      | Found Zuxus's Book Emporium.
  1420 | D:2      | Reached skill level 1 in Dodging
  1450 | D:2      | Found a faded altar of an unknown god.
  1842 | D:2      | Found Ecay's Book Shoppe.
  2305 | D:2      | Found Ohagg's Weapon Emporium.
  2341 | D:2      | Found Aceij's Distillery.
  2350 | D:2      | Bought a potion of curing for 42 gold pieces
  2350 | D:2      | Bought a potion of heal wounds for 70 gold pieces
  2876 | D:3      | Reached XP level 5. HP: 42/42 MP: 5/5
  3177 | D:3      | Reached skill level 5 in Shields
  3177 | D:3      | Reached XP level 6. HP: 26/48 MP: 6/6
  3616 | D:3      | Found a hazy altar of Hepliaklqana.
  4271 | D:4      | Reached XP level 7. HP: 20/55 MP: 7/7
  4473 | D:4      | Reached skill level 5 in Fighting
  4549 | D:4      | Found a shimmering blue altar of Sif Muna.
  4719 | D:4      | Reached skill level 5 in Armour
  5016 | D:4      | Found a sacrificial altar of Ru.
  5223 | D:4      | Found a basalt altar of Yredelemnul.
  5301 | D:4      | Reached skill level 6 in Shields
  5301 | D:4      | Reached skill level 1 in Evocations
  5859 | D:4      | Reached XP level 8. HP: 57/57 MP: 8/8
  6095 | D:5      | Entered Level 5 of the Dungeon
  6370 | D:5      | Reached skill level 7 in Shields
  6432 | D:5      | Noticed Blork the orc
  6443 | D:5      | Killed Blork the orc
  6641 | D:5      | Found Heatyut's Antique Armour Boutique.
  6850 | D:5      | Noticed a yak
  6850 | D:5      | Noticed a yak
  6851 | D:5      | Noticed a yak
  6852 | D:5      | Noticed a yak
  6854 | D:5      | Noticed a yak
  6857 | D:5      | Noticed a yak
  6867 | D:5      | Killed a yak
  6872 | D:5      | Killed a yak
  6873 | D:5      | Reached skill level 5 in Maces & Flails
  6873 | D:5      | Killed a yak
  6874 | D:5      | Reached XP level 9. HP: 29/69 MP: 9/9
  6882 | D:5      | Reached skill level 8 in Shields
  7114 | D:5      | Identified the +6 whip "Bayh Nym" {vorpal, rElec Dex+9}
  7878 | D:6      | Found an opulent altar of Gozag.
  7910 | D:6      | Reached skill level 5 in Stealth
  7991 | D:6      | Reached XP level 10. HP: 76/79 MP: 10/10
  8409 | D:7      | Found an iron altar of Okawaru.
  8417 | D:7      | Became a worshipper of Warmaster Okawaru
  8480 | D:7      | Reached skill level 9 in Shields
  8480 | D:7      | Reached skill level 1 in Invocations
  8487 | D:7      | Found Vifofait's Magic Scroll Boutique.
  8803 | D:7      | Found a staircase to the Ecumenical Temple.
  9577 | D:8      | Found a staircase to the Lair.
  9633 | D:8      | Reached * piety under Okawaru
  9642 | D:8      | Found Qaecs's Serpentskin Sales.
  9880 | D:8      | Found a sparkling altar of Nemelex Xobeh.
 10219 | D:8      | Found a shadowy altar of Dithmenos.
 10273 | D:8      | Found a snail-covered altar of Cheibriados.
 10762 | D:8      | Found Viamma Dymi's Magic Scroll Boutique.
 10770 | D:8      | Bought a scroll of noise for 10 gold pieces
 11120 | D:9      | Reached ** piety under Okawaru
 11121 | D:9      | Reached skill level 5 in Invocations
 11245 | D:9      | Noticed a two-headed ogre
 11271 | D:9      | Killed a two-headed ogre
 11272 | D:9      | Reached XP level 11. HP: 53/86 MP: 12/14
 11508 | D:9      | Reached skill level 10 in Shields
 11614 | D:9      | Found Bofut's Distillery.
 11990 | D:9      | Found a runed translucent door.
 11990 | D:9      | Noticed Mictavius's ghost (novice BaWr)
 12325 | D:9      | Killed Mictavius's ghost
 12325 | D:9      | Reached *** piety under Okawaru
 12361 | D:10     | Entered Level 10 of the Dungeon
 12594 | D:10     | Found an ancient bone altar of Kikubaaqudgha.
 12616 | D:10     | Received a gift from Okawaru
 13351 | D:10     | Killed from afar by a molten gargoyle

Illustrated notes

Levels and vault maps discovered:
D:1:      dpeg_arrival_short_road, layout_rooms
D:2:      layout_basic, shapermc_ecumenical_altar_starsandcircs, serial_shops,
          nicolae_shop_behind_doors, nicolae_shop_bloodbath_and_beyond,
          nicolae_shop_trees, shop, shop, uniq_robin
D:3:      layout_loops_ring, mainiacjoe_overflow_small_starburst
D:4:      layout_loops_ring, lemuel_crystal_altar,
          mainiacjoe_overflow_surrounded_room,
          nicolae_ru_great_annihilating_truth, moated_statue,
          grunt_ministairs_4, dk_rats_in_the_wall
D:5:      layout_basic, serial_shops, nicolae_shop_waterfront,
          uniq_blork_the_orc
D:6:      layout_basic, mainiacjoe_overflow_tiny_flanked
D:7:      layout_loops_ring, okawaru_gym_becter, temple_fountains, serial_shops,
          nicolae_shop_window_shopping
D:8:      layout_loops_ring, grunt_dithmenos_smoke_and_mirrors,
          mainiacjoe_overflow_concentric_impassable, lemuel_tele_altar,
          serial_shops, nicolae_shop_behind_doors, guppyfry_shop_venom
D:9:      layout_gridville, gammafunk_ghost_grave, serial_shops,
          nicolae_square_shop
D:10:     minmay_skewed_foursquare, layout_gridville,
          mainiacjoe_overflow_six_doors_small,
          nicolae_kikubaaqudgha_miasma_corner, serial_rivers,
          chequers_serial_rivers_room_b, chequers_serial_rivers_large_a,
          chequers_serial_rivers_micro_e, chequers_serial_rivers_micro_d,
          minivault_8, uniq_maurice

Skill      XL: |  1  2  3  4  5  6  7  8  9 10 11 |
---------------+----------------------------------+-----
Shields        | 4 5 6 7 8 9 10 | 10.0
Fighting       | 4 5 6 7 8 9 |  9.0
Armour         | 4 5 6 7 8 9 |  9.0
Stealth        | 1 2 3 4 5 6 |  6.0
Dodging        | 1 2 3 |  3.0
Maces & Flails | 3 4 5 6 7 8 |  8.0
Evocations     | 2 3 4 |  4.1
Invocations    | 5 6 |  6.0

Action                   |  1- 3 |  4- 6 |  7- 9 | 10-12 || total
-------------------------+-------+-------+-------+-------++-------
Melee: Flail             |    96 |     5 |       |       ||   101
       Whip              |       |   177 |   319 |   408 ||   904
Invok: Heroism           |       |       |       |     4 ||     4
 Abil: Dig               |     2 |     2 |     3 |     3 ||    10
  Use: Scroll            |     4 |     6 |     5 |     3 ||    18
       Potion            |     1 |       |     1 |     4 ||     6
 Stab: Paralysed         |       |       |     1 |       ||     1
Armor: Scale mail        |    36 |    38 |     1 |       ||    75
       Chain mail        |       |       |    88 |    77 ||   165
       Plate armour      |       |       |       |    34 ||    34
Dodge: Dodged            |    41 |    49 |    83 |   106 ||   279
Block: Buckler           |    17 |    19 |    70 |    90 ||   196

Table legend: (Time is in decaauts)
 A = Elapsed time spent in this place.
 B = Non-inter-level travel time spent in this place.
 C = Inter-level travel time spent in this place.
 D = Time resting spent in this place.
 E = Time spent auto-exploring this place.
 F = Levels seen in this place.
 G = Mean time per level.
                   A        B        C        D        E       F      G
               +--------+--------+--------+--------+--------+-----+--------+
         Total |  13268 |  12384 |    884 |    181 |  10114 |  10 | 1326.8 |
       Dungeon |  13268 |  12384 |    884 |    181 |  10114 |  10 | 1326.8 |
               +--------+--------+--------+--------+--------+-----+--------+

Top non-repeatable levels by time:
     D:4: 2011 daAuts
     D:2: 1593 daAuts
     D:5: 1487 daAuts
     D:8: 1446 daAuts
     D:9: 1387 daAuts
     D:3: 1379 daAuts
     D:1: 1173 daAuts
     D:7: 1138 daAuts
    D:10: 886 daAuts
     D:6: 765 daAuts
